 Dungeon Crawl Stone Soup version 0.28-a0-514-g0d7ab7f379 (webtiles) character file.

Game seed: 1160551220502790876

1535 robertstho the Magician (level 9, -1/61 HPs)
             Began as a Djinni Fire Elementalist on Sept 22, 2021.
             Was an Initiate of Gozag.
             Slain by a bullfrog zombie (5 damage)
             ... on level 7 of the Dungeon.
             The game lasted 00:11:13 (9131 turns).

robertstho the Magician (Djinni Fire Elementalist)  Turns: 9131, Time: 00:11:13

Health: -1/61      AC: 10    Str:  7    XL:     9   Next: 11%
Gold:   634        EV: 10    Int: 20    God:    Gozag SH:  0 Dex: 14

rFire   + + +      SeeInvis +   h - +0 dagger
rCold   x . .      Faith    .   (no shield)
rNeg    . . .      Spirit   .   c - +3 ring mail {rF+}
rPois   ∞          Reflect  .   (no helmet)
rElec   .          Harm     .   m - +0 cloak
rCorr   .          Rampage  .   (no gloves)
Will    .....                   (boots unavailable)
Stlth   +.........              (no amulet)
HPRegen 0.20/turn               o - ring of see invisible
MPRegen 0.00/turn               (no ring)

@: gold aura, flying, very slightly contaminated
A: sickness immunity, fire resistance 2, cold vulnerability 1, float, innate
caster, hp casting, extra vitality 1
a: Renounce Religion, Potion Petition, Call Merchant, Bribe Branch


You were on level 7 of the Dungeon.
You worshipped Gozag.
Gozag was pleased with you.
You visited 1 branch of the dungeon, and saw 7 of its levels.

You collected 719 gold pieces.
You paid 85 gold pieces to Gozag.

Inventory:

Hand Weapons
 h - a +0 dagger (weapon)
Missiles
 q - a throwing net
Armour
 a - a +0 robe
 c - a +3 ring mail of fire resistance (worn)
 m - a +0 cloak (worn)
Jewellery
 o - a ring of see invisible (left hand)
Wands
 f - a wand of charming (6)
Scrolls
 b - a scroll of blinking {unknown}
 g - a scroll of enchant armour
 p - a scroll of fog {unknown}
 r - a scroll of identify
Potions
 d - a potion of haste
 e - a potion of cancellation {unknown}
 i - 2 potions of curing {unknown}
 j - 2 potions of degeneration {unknown}
 k - a potion of might {unknown}
 l - a potion of mutation {unknown}
 n - a potion of experience {unknown}


   Skills:
 * Level 3.5 Fighting
 + Level 0.9 Short Blades
 * Level 4.6 Armour
 + Level 2.2 Dodging
 + Level 2.1 Stealth
 * Level 7.0 Spellcasting


You couldn't memorise any spells.
You knew the following spells:

 Your Spells              Type           Power      Damage    Failure   Level
a - Foxfire               Conj/Fire      100%       2x1d9     1%          1
b - Scorch                Fire           70%        2d9       2%          2
c - Conjure Flame         Conj/Fire      35%        6-21      4%          3
d - Inner Flame           Hex/Fire       35%        N/A       4%          3
e - Flame Wave            Conj/Fire      35%        3d8       16%         4
f - Sting                 Tmut/Pois      100%       1d8       1%          1
g - Poisonous Vapours     Pois/Air       70%        N/A       2%          2
h - Call Canine Familiar  Summ           35%        N/A       4%          3
i - Mephitic Cloud        Conj/Pois/Air  35%        N/A       4%          3
Your spell library was empty.

Dungeon Overview and Level Annotations

Branches:
Dungeon (6/15)
 Temple: D:4-7

Altars:
Elyvilon
Gozag
Wu Jian

Shops:
D:2 (   D:4 =

Annotations:
D:6 Dowan, Duvessa


Innate Abilities, Weirdness & Mutations

You are immune to sickness and miasma.
You are immune to poison.
Your flesh is very heat resistant. (rF++)
You are vulnerable to cold. (rC-)
You float through the air rather than walking.
You learn spells naturally, not from books.
Your magical power is your life essence.
You have superior vitality. (+4 HP)


Message History

You hear a shout!
You hear a bark!
You hear a shout!
An orc comes into view. It is wielding a +0 club.
The orc warrior barely misses you.
Unknown command.
Casting: Flame Wave (dangerous; 16% risk of failure)
Confirm with . or Enter, or press ? or * to list all spells.
Casting: Flame Wave (dangerous; 16% risk of failure)
Press: ? - help, Dir - look around, f - activate A wave of flame ripples out!
The flame wave engulfs the bullfrog zombie!
The bullfrog zombie is severely damaged.
The flame wave engulfs the orc warrior.
The orc warrior resists.
The orc warrior is heavily wounded. (Press . to intensify the flame waves.)
The bullfrog zombie hits you but does no damage.
The orc warrior hits you with a +0 flail of protection!
A wave of flame ripples out!
The flame wave engulfs the bullfrog!!
The bullfrog is severely wounded.
The flame wave engulfs the bullfrog zombie!
The bullfrog zombie is almost destroyed.
The flame wave engulfs the orc warrior!
The orc warrior resists.
The orc warrior is almost dead.
The bullfrog closely misses you. The bullfrog zombie barely misses you.
The orc warrior hits you with a +0 flail of protection!
The bullfrog is distracted by your dazzling golden aura.
The bullfrog zombie hits you.
* * * LOW HITPOINT WARNING * * *
The bullfrog croaks.
Casting: Flame Wave (dangerous; 16% risk of failure)
Confirm with . or Enter, or press ? or * to list all spells.
Restarting spell: Flame Wave (dangerous; 16% risk of failure)
Press: ? - help, Dir - look around, f - activate You miscast Flame Wave.
You are very lightly contaminated with residual magic.
A wave of violent energy washes through your body!
* * * LOW HITPOINT WARNING * * *
x2 An orc comes into view. It is wielding a +0 club.
The bullfrog zombie hits you.
You die...
Your body crumbles into a pile of gold.

# ### #.
... ...
... ..
##.##
##.#...
#...$.#
#...Z@#
......Fo#
..o##....
. ###o##
#.# .o. $
... .##


You could see an orc warrior, a bullfrog, 3 orcs and a bullfrog zombie.

Vanquished Creatures
  Sigmund (D:4)
  Menkaure (D:4)
  A gnoll sergeant (D:5)
  An ogre (D:5)
  A necrophage (D:6)
  Blork the orc (D:5)
  A bullfrog (D:4)
  A nameless horror (D:5)
  A bullfrog zombie (D:5)
  2 hounds (D:5)
  Crazy Yiuf (D:4)
  3 orc priests (D:5)
  3 gnoll shamans
  4 iguanas
  An orc wizard (D:5)
  A hound skeleton (D:5)
  14 gnolls
  6 adders
  A white imp (D:5)
  An adder skeleton (D:4)
  2 worms (D:2)
  3 dart slugs
  16 orcs
  3 endoplasms
  2 giant cockroaches (D:3)
  8 goblins
  3 hobgoblins
  A quokka (D:5)
  6 ball pythons
  4 bats
  6 frilled lizards
  5 kobolds
  5 rats
110 creatures vanquished.

Vanquished Creatures (collateral kills)
  A hornet zombie (D:5)
  3 gnolls (D:5)
  2 orcs (D:5)
6 creatures vanquished.

Vanquished Creatures (others)
  305 foxfires
305 creatures vanquished.

Grand Total: 421 creatures vanquished

Notes
Turn   | Place    | Note
-------+----------+-------------------------------------------
     0 | D:1      | robertstho the Djinni Fire Elementalist began the quest for
                  | the Orb.
     0 | D:1      | Reached XP level 1. HP: 15/15 MP: 0/0
   603 | D:1      | Reached XP level 2. HP: 18/21 MP: 0/0
   996 | D:2      | Reached XP level 3. HP: 16/26 MP: 0/0
   996 | D:2      | Learned a level 1 spell: Sting
  1071 | D:2      | Reached skill level 3 in Spellcasting
  1794 | D:2      | Found a faded altar of an unknown god.
  1850 | D:2      | Reached XP level 4. HP: 29/31 MP: 0/0
  2158 | D:2      | Found Yluoshie's Weapon Shop.
  3181 | D:3      | Found a white marble altar of Elyvilon.
  3297 | D:3      | Reached skill level 1 in Fighting
  3531 | D:3      | Reached XP level 5. HP: 36/37 MP: 0/0
  3531 | D:3      | Learned a level 2 spell: Poisonous Vapours
  4010 | D:3      | Reached skill level 1 in Armour
  4343 | D:4      | Noticed Menkaure
  4350 | D:4      | Killed Menkaure
  4351 | D:4      | Reached skill level 4 in Spellcasting
  4351 | D:4      | Reached XP level 6. HP: 7/43 MP: 0/0
  4647 | D:4      | Found an opulent altar of Gozag.
  4667 | D:4      | Became a worshipper of Gozag Ym Sagoz the Greedy
  4803 | D:4      | Noticed Sigmund
  4809 | D:4      | Killed Sigmund
  4810 | D:4      | Reached XP level 7. HP: 36/49 MP: 0/0
  4810 | D:4      | Learned a level 3 spell: Call Canine Familiar
  5003 | D:4      | Found an ornate altar of the Wu Jian Council.
  5015 | D:4      | Found Gaalocih's Jewellery Shoppe.
  5175 | D:4      | Found a runed translucent door.
  5176 | D:4      | Noticed Crazy Yiuf
  5226 | D:4      | Reached skill level 5 in Spellcasting
  5765 | D:4      | Killed Crazy Yiuf
  5887 | D:5      | Entered Level 5 of the Dungeon
  6639 | D:5      | Reached XP level 8. HP: 32/55 MP: 0/0
  7806 | D:5      | Reached skill level 6 in Spellcasting
  8388 | D:5      | Noticed Blork the orc
  8400 | D:5      | Killed Blork the orc
  8891 | D:6      | Noticed Duvessa
  8892 | D:6      | Noticed Dowan
  8939 | D:6      | Reached XP level 9. HP: 57/61 MP: 0/0
  8939 | D:6      | Learned a level 3 spell: Mephitic Cloud
  8954 | D:6      | Reached skill level 7 in Spellcasting
  9122 | D:6      | You are sucked into a shaft and drop 1 floor!
  9131 | D:7      | HP: 3/61 [something (8)]
  9131 | D:7      | Slain by a bullfrog zombie

Illustrated notes

Levels and vault maps discovered:
D:1:      lightli_arrival_lavapool, layout_rooms
D:2:      layout_basic, basic_ecumenical_altar, serial_shops, shop_statue,
          minmay_close_crescents
D:3:      layout_basic, elyvilon_altar_4, lemuel_flame_loot_1
D:4:      layout_loops_corners, general_overflow_altar,
          nicolae_gozag_cash_rules_everything_around_me, serial_shops, shop,
          uniq_menkaure, uniq_crazy_yiuf_cottage, uniq_sigmund
D:5:      layout_loops_corners, uniq_blork_the_orc
D:6:      layout_rooms, minmay_temple_entry_glassed_door,
          lightli_sewer_entry_pipes, minmay_misc_feat_enclosed,
          nrook_mini_vaults, uniq_maggie, uniq_duvessa
D:7:      layout_cave_pools, chequers_serial_rivers_room_a

Skill      XL: |  1  2  3  4  5  6  7  8  9 |
---------------+----------------------------+-----
Spellcasting   | 3 4 5 6 7 |  7.0
Fighting       | 1 2 3 |  3.5
Armour         | 2 3 4 |  4.6
Stealth        | 2 |  2.1
Short Blades   | |  0.9
Dodging        | |  2.2

Action                   |  1- 3 |  4- 6 |  7- 9 || total
-------------------------+-------+-------+-------++-------
Melee: Dagger            |       |     6 |     8 ||    14
 Cast: Foxfire           |    64 |    76 |    47 ||   187
       Scorch            |     1 |     6 |    81 ||    88
       Poisonous Vapours |       |     5 |    22 ||    27
       Call Canine Famil |       |       |     8 ||     8
       Flame Wave        |       |       |     4 ||     4
Evoke: Wand              |       |       |     1 ||     1
  Use: Scroll            |       |     4 |       ||     4
       Potion            |       |     1 |       ||     1
Armor: Ring mail         |     2 |     8 |    31 ||    41
Dodge: Dodged            |       |    12 |    35 ||    47

Table legend: (Time is in decaauts)
 A = Elapsed time spent in this place.
 B = Non-inter-level travel time spent in this place.
 C = Inter-level travel time spent in this place.
 D = Time resting spent in this place.
 E = Time spent auto-exploring this place.
 F = Levels seen in this place.
 G = Mean time per level.
                   A        B        C        D        E       F      G
               +--------+--------+--------+--------+--------+-----+--------+
         Total |   9120 |   8840 |    280 |    904 |   6897 |   7 | 1302.9 |
       Dungeon |   9120 |   8840 |    280 |    904 |   6897 |   7 | 1302.9 |
               +--------+--------+--------+--------+--------+-----+--------+

Top non-repeatable levels by time:
     D:5: 2580 daAuts
     D:3: 1804 daAuts
     D:4: 1796 daAuts
     D:2: 1712 daAuts
     D:1: 1025 daAuts
     D:6: 192 daAuts
     D:7: 8 daAuts
